 Dungeon Crawl Stone Soup version 0.25-a0-578-gc91f01c (webtiles) character file.

Game seed: 18203086769338676155, levelgen mode: deterministic

140 Faca the Bolt Thrower (level 5, -2/43 HPs)
             Began as a Barachi Hunter on Mar 5, 2020.
             Slain by a kobold
             ... wielding a +0 trident
              (3 damage)
             ... on level 2 of the Dungeon.
             The game lasted 00:08:11 (4202 turns).

Faca the Bolt Thrower (Barachi Hunter)              Turns: 4202, Time: 00:08:12

Health: -2/43      AC:  6    Str: 13 (14) XL:     5   Next: 23%
Magic:  5/5        EV: 11    Int:  9 (11) God:
Gold:   62         SH:  0    Dex: 10 (13) Spells: 4/4 levels left

rFire    . . .     SeeInvis .   e - +0 falchion
rCold    . . .     Gourm    .   (no shield)
rNeg     . . .     Faith    .   l - +0 ring mail
rPois    .         Spirit   .   (no helmet)
rElec    .         Reflect  .   k - +0 cloak
rCorr    .         Harm     .   (no gloves)
MR       .....                  (no boots)
Stlth    +.........             (no amulet)
HPRegen  0.14/turn              (no ring)
MPRegen  0.09/turn              (no ring)

@: lethally poisoned (-2 -> -40), hasted, quick
A: +LOS, swims, slowness 1, strong legs 1
a: Hop


You were on level 2 of the Dungeon.
You were not hungry.

You visited 1 branch of the dungeon, and saw 3 of its levels.

You collected 62 gold pieces.

Inventory:

Hand Weapons
 a - a +1 hand crossbow
 e - a +0 falchion (weapon)
Missiles
 d - 64 bolts
Armour
 k - a +0 cloak (worn)
 l - a +0 ring mail (worn)
Jewellery
 j - a +5 amulet of reflection {unknown}
Scrolls
 h - a scroll of remove curse
 i - a scroll of fear
Comestibles
 f - 7 rations


   Skills:
 + Level 4.7 Fighting
 + Level 1.0 Long Blades
 + Level 5.2 Crossbows
 - Level 2.1 Dodging
 - Level 0.8 Stealth


You had 4 spell levels left.
You didn't know any spells.
Your spell library was empty.

Dungeon Overview and Level Annotations

Branches:
Dungeon (3/15)

Altars:
Ashenzari
Nemelex Xobeh


Innate Abilities, Weirdness & Mutations

You can be seen from farther away. (+LOS)
You can swim through water.
You cover ground slowly.
You can hop short distances.


Message History

* * * LOW HITPOINT WARNING * * *
The kobold closely misses you.
You riposte.
You hit the kobold but do no damage.
The orc wizard hits you with a +0 spear of venom.
* * * LOW HITPOINT WARNING * * *
You hit the orc wizard.
The orc wizard is lightly wounded.
* * * LOW HITPOINT WARNING * * *
You feel very sick. The orc wizard closely misses you.
You riposte.
You closely miss the orc wizard.
The orc wizard is lightly wounded.
You barely miss the orc wizard.
The orc wizard is lightly wounded.
* * * LOW HITPOINT WARNING * * *
You feel sick.
The orc wizard hits you but does no damage.
You are more poisoned.
The kobold hits you with a +0 trident.
You die...

#.#.# #.###....###.......##
...)#######...................###
.............................)'..
....###.######...#.##.........###
#.#.# #.# ##......#.....(.##
#.#.###.# #####.....##.....##
#.#(.##.# #.........###...##
#.......# #.###o)...# ##'##
####.#### #.# #@K...# #.# #.# #.#
##########.# # #.# #.#
#........## ####.# #.#
#.#####...## .....#
#.#####.####.....# ######
#.............#..# #
#######.##...###.##### # #.##.)##
##..... # #......###.#####


You could see an orc wizard and a kobold.

Vanquished Creatures
  Jessica (D:2)
  3 adders
  An ooze (D:2)
  2 worms (D:2)
  2 dart slugs
  3 leopard geckos (D:1)
  6 orcs
  A ball python (D:2)
  4 giant cockroaches
  8 goblins
  11 hobgoblins
  5 bats
  2 frilled lizards
  7 kobolds
  9 rats
65 creatures vanquished.

Notes
Turn   | Place    | Note
-------+----------+-------------------------------------------
     0 | D:1      | Faca the Barachi Hunter began the quest for the Orb.
     0 | D:1      | Reached XP level 1. HP: 17/17 MP: 1/1
   335 | D:1      | Reached XP level 2. HP: 23/23 MP: 2/2
  1208 | D:1      | Reached XP level 3. HP: 18/29 MP: 3/3
  2056 | D:2      | Found a sparkling altar of Nemelex Xobeh.
  2056 | D:2      | Noticed Jessica
  2070 | D:2      | Killed Jessica
  2070 | D:2      | Reached XP level 4. HP: 36/37 MP: 4/4
  2349 | D:2      | Reached skill level 5 in Crossbows
  3277 | D:2      | Reached XP level 5. HP: 13/43 MP: 5/5
  3689 | D:3      | Found a shattered altar of Ashenzari.
  4151 | D:2      | Reached skill level 1 in Long Blades
  4202 | D:2      | HP: 1/43 [poisoned by an orc wizard]
  4202 | D:2      | Slain by a kobold

Levels and vault maps discovered:
D:1:      arrival_zaba_pyramid, layout_basic
D:2:      layout_loops_corners, first_ration, minmay_misc_feat_x,
          nemelex_lonely_heart_becter
D:3:      layout_loops_ring, overflow_temple_1_default, serial_forest,
          infiniplex_forest_lined_corner, infiniplex_forest_clump_C,
          infiniplex_forest_zigzag_2, infiniplex_forest_clump_medium,
          infiniplex_forest_clump_tiny, infiniplex_forest_pool, led_sif_book,
          uniq_jessica, uniq_robin

Skill      XL: |  1  2  3  4  5 |
---------------+----------------+-----
Fighting       | 3 4 |  4.7
Crossbows      | 5 |  5.2
Long Blades    | 1 |  1.0
Dodging        | |  2.1
Stealth        | |  0.8

Action                   |  1- 3 |  4- 6 || total
-------------------------+-------+-------++-------
Melee: Short sword       |   134 |   112 ||   246
       Falchion          |       |    64 ||    64
 Fire: Hand crossbow     |     2 |       ||     2
  Use: Potion            |       |     6 ||     6
       Scroll            |       |     4 ||     4
 Stab: Invisible         |       |     1 ||     1
  Eat: Chunk             |     4 |     6 ||    10
       Ration            |       |     1 ||     1
Armor: Leather armour    |    42 |    35 ||    77
       Ring mail         |       |    14 ||    14
Dodge: Dodged            |    93 |   135 ||   228
       Rpst.: Falchion   |       |    17 ||    17

Table legend:
 A = Non-vault XP
 B = Vault XP
 C = Vault XP percentage of total XP
 D = Non-vault monster count
 E = Vault monster count
 F = Vault count percentage of total count
                 A         B        C        D         E       F
            +---------+---------+-------+---------+---------+-------
      Total |     164 |      37 |  18.4 |      64 |       1 |   1.5
            +---------+---------+-------+---------+---------+-------
        D:1 |      40 |       0 |   0.0 |      23 |       0 |   0.0
        D:2 |      88 |      37 |  29.6 |      28 |       1 |   3.4
        D:3 |      36 |       0 |   0.0 |      13 |       0 |   0.0
            +---------+---------+-------+---------+---------+-------
